Map: El Dorado

Players

PDiddly - Winner!

  • Race: Protoss Protoss
  • League: Platinum
  • Spawn Location: 5:00

WeAreLegion

  • Race: Terran Terran
  • League: Gold
  • Spawn Location: 7:00

VOD

Have the link to the VOD?

Description

Time

  • Played on: Dec. 17, 2024, 10:43 p.m.
  • Length: 9:01
Show
View Real Time Build Order
Export as new Build Order

PDiddly Protoss - Winner!

Build Orders: 1 Gate Expand, Oracle Opening, Blink Stalkers 

Get SALT Encoding   

  12  0:00  Probe  
  13  0:12  Probe  
  14  0:19  Pylon  
  14  0:27  Probe  
  15  0:39  Probe  
  16  0:45  Gateway  
  16  0:51  Probe  
  17  1:03  Assimilator, Probe  
  18  1:16  Probe  
  19  1:23  Pylon  
  19  1:28  Probe  
  20  1:37  Nexus  
  20  1:51  Cybernetics Core  
  20  1:55  Assimilator  
  20  1:58  Probe  
  21  2:04  Zealot  
  21  2:08  Warp Gate  
  23  2:10  Probe  
  24  2:22  Probe  
  25  2:26  Pylon  
  25  2:35  Stargate  
  25  2:44  Probe  
  25  2:50  Probe  
  27  2:56  Probe  
  28  3:01  Gateway  
  28  3:02  Probe  
  29  3:07  Twilight Council  
  29  3:13  Pylon  
  29  3:15  Oracle, Probe  
  29  3:17  Probe  
  34  3:34  Probe x2  
  36  3:45  Gateway  
  36  3:46  Blink  
  36  3:49  Probe x2  
  38  3:58  Pylon  
  38  4:02  Probe x2  
  40  4:04  Stalker  
  42  4:25  Probe x2  
  44  4:46  Probe x2  
  46  4:55  Stalker x2  
  46  4:56  Stalker  
  46  4:59  Oracle  
  55  5:08  Probe  
  55  5:09  Probe  
  57  5:16  Gateway  
  57  5:17  Gateway  
  57  5:18  Gateway  
  57  5:20  Probe  
  57  5:21  Gateway, Probe  
  59  5:23  Pylon  
  59  5:26  Pylon  
  59  5:30  Stalker  
  59  5:31  Stalker x2  
  65  5:37  Probe x2  
  65  5:40  Assimilator  
  67  5:44  Assimilator  
  67  5:47  Charge  
  67  6:12  Probe  
  67  6:13  Probe  
  66  6:22  Stalker x4  
  66  6:23  Stalker  
  76  6:35  Nexus  
  76  6:40  Pylon  
  76  6:43  Pylon  
  76  6:44  Pylon  
  76  6:52  Forge  
  76  6:53  Forge  
  76  6:55  Forge  
  76  6:58  Stalker x4, Pylon  
  84  7:11  Stalker x3  
  84  7:15  Probe x2  
  92  7:27  Dark Shrine  
  92  7:29  Photon Cannon  
  92  7:34  Photon Cannon  
  92  7:35  Pylon  
  92  8:25  Stalker x3  
  92  8:26  Stalker x3  
  104  8:27  Stalker  
Show
View Real Time Build Order
Export as new Build Order

WeAreLegion Terran 

Build Orders:  

Get SALT Encoding   

  12  0:00  SCV  
  13  0:12  SCV  
  14  0:18  Supply Depot  
  14  0:24  SCV  
  15  0:40  SCV  
  15  0:42  Barracks  
  16  0:49  Refinery  
  16  0:52  SCV  
  17  1:01  Refinery  
  18  1:04  SCV  
  18  1:16  SCV  
  19  1:28  Orbital Command  
  19  1:30  Barracks Reactor  
  19  1:49  Factory  
  19  1:53  SCV  
  20  2:01  Supply Depot  
  20  2:06  SCV  
  20  2:07  Marine x2  
  24  2:22  SCV  
  24  2:30  Command Center  
  24  2:35  SCV  
  25  2:53  SCV  
  26  3:01  Supply Depot  
  26  3:05  SCV  
  27  3:09  Hellion x2  
  31  3:15  Starport  
  31  3:22  Barracks Tech Lab  
  31  3:23  SCV  
  34  3:34  Supply Depot  
  34  3:35  SCV  
  35  3:42  Orbital Command  
  35  3:45  Marine  
  35  3:47  SCV  
  35  3:56  Barracks  
  35  3:59  Barracks  
  35  4:13  SCV  
  35  4:14  SCV  
  36  4:17  Barracks Tech Lab  
  31  4:26  SCV x2  
  30  4:38  SCV x2  
  31  4:50  SCV x2  
  33  4:54  Barracks Reactor  
  33  4:55  Barracks Tech Lab  
  33  5:05  SCV x2  
  35  5:12  Barracks Reactor  
  35  5:16  Barracks, Factory Tech Lab  
  35  5:17  SCV x2  
  37  5:25  Refinery  
  37  5:26  Refinery  
  37  5:29  SCV  
  37  5:30  SCV  
  37  5:32  Raven  
  37  5:33  Stimpack  
  37  5:34  Marine  
  37  5:35  Marine x2  
  44  5:41  SCV  
  45  5:45  SCV  
  46  5:52  Marine  
  46  5:54  SCV  
  38  6:17  SCV x2  
  39  6:19  Marine x2  
  39  6:20  Siege Tank  
  39  6:21  Viking  
  39  6:22  Marine  
  39  6:23  Marine  
  48  6:30  Engineering Bay  
  48  6:34  Engineering Bay  
  48  6:37  Marine x2  
  48  6:38  SCV x2  
  52  6:50  SCV x2  
  54  7:06  Supply Depot  
  54  7:08  Supply Depot  
  54  7:27  Marine x2  
  54  7:28  SCV x2, Siege Tank  
  61  7:31  Barracks  
  61  7:40  SCV x2  
  61  7:42  Supply Depot  
  63  7:45  Supply Depot, Marine x2  
  63  7:46  Command Center  
  65  7:51  Medivac x2  
  65  7:52  SCV  
  70  8:04  SCV x2, Marine x2, Siege Tank  
  77  8:09  Supply Depot  
  67  8:16  SCV x2  
  62  8:21  Medivac  
  62  8:22  Marine  
  55  8:28  SCV  
  54  8:40  SCV  
  52  8:42  Marine x3  
  52  8:43  Marine  
Tags
 
Add a new tag
Caveats
  • Supply blocks, unpowered buildings, or Contaminate may cause inaccurate times.
  • Supply counts are checked every 10 seconds.